 Dungeon Crawl Stone Soup version 0.29-a0-340-g6efceafd81 (webtiles) character file.

Game seed: 15587058835539005594

469 spaghetti the Skirmisher (level 7, -19/49 HPs)
             Began as an Octopode Fighter on Apr 20, 2022.
             Demolished by a two-headed ogre
             ... wielding a +0 giant club
              (24 damage)
             ... on level 4 of the Dungeon.
             The game lasted 00:04:59 (2580 turns).

spaghetti the Skirmisher (Octopode Fighter)         Turns: 2580, Time: 00:04:59

Health: -19/49     AC:  1    Str: 15    XL:     7   Next: 9%
Magic:  7/7        EV: 14    Int: 11    God:
Gold:   132        SH:  4    Dex: 13    Spells: 6/6 levels left

rFire   . . .      SeeInvis .   e - +3 whip (distort) {!wmace}
rCold   . . .      Faith    .   j - +0 buckler
rNeg    . . .      Spirit   .   (helmet restricted)
rPois   .          Reflect  .   f - amulet of regeneration {@e2}
rElec   .          Harm     .   (no ring)
rCorr   .          Rampage  .   (no ring)
Will    .....                   (no ring)
Stlth   ++........              (no ring)
HPRegen 0.96/turn               (no ring)
MPRegen 0.10/turn               (no ring)
                                (no ring)
                                (no ring)

@: no status effects
A: almost no armour, amphibious, 8 rings, camouflage 1, gelatinous body 1,
(nimble swimmer 1), tentacles
a: no special abilities


You were on level 4 of the Dungeon.
You visited 1 branch of the dungeon, and saw 4 of its levels.

You collected 132 gold pieces.


Innate Abilities, Weirdness & Mutations

You cannot wear most types of armour.
You are amphibious.
You can wear up to eight rings at the same time.
Your skin changes colour to match your surroundings (Stealth+).
Your rubbery body absorbs attacks. (AC +1, EV +1)
((You are camouflaged when in or above water. (Stealth+)))
You have tentacles for arms and can constrict up to eight enemies at once.


   Skills:
 + Level 4.6 Fighting
 * Level 4.5 Maces & Flails
 - Level 2.0 Polearms
 + Level 2.2 Throwing
 + Level 4.2 Dodging
 - Level 3.0 Shields


You had 6 spell levels left.
You didn't know any spells.
Your spell library contained the following spells:

 Spells                   Type           Power      Damage    Failure   Level
 Apportation              Tloc           0%         N/A       43%         1
 Alistair's Intoxication  Tmut/Pois      0%         N/A       100%        5

Inventory:

Hand Weapons
 a - a +0 trident {polearm}
 e - a +3 whip of distortion (weapon) {!wmace}
   (You found it on level 1 of the Dungeon)
Missiles
 g - 110 stones (quivered) {throwing}
 h - 3 javelins {throwing}
 r - 5 atropa-tipped darts {throwing}
 v - 4 boomerangs {throwing}
Armour
 b - a +0 buckler
 j - a +0 buckler (worn)
   (You found it on level 1 of the Dungeon)
Jewellery
 f - an amulet of regeneration (around mantle) {@e2}
   (You found it on level 1 of the Dungeon)
Wands
 i - a wand of acid (9)
   (You found it on level 4 of the Dungeon)
Scrolls
 k - 2 scrolls of identify {@r1}
 m - a scroll of fog
 n - a scroll of enchant weapon
 p - a scroll of teleportation {unknown}
 q - 3 scrolls of noise {unknown}
 u - 2 scrolls of vulnerability {unknown}
Potions
 c - 3 potions of might
 d - a potion of brilliance {unknown}
 l - a potion of flight {unknown}
 o - a potion of haste {unknown}
 s - a potion of lignification {unknown}
 w - a potion of mutation {unknown}
 x - a potion of resistance {unknown}

Dungeon Overview and Level Annotations

Branches:
Dungeon (4/15)
 Temple: D:4-7

Altars:
Xom

Shops:
D:4

=(( .................# #.
....................###.
......#####.............
..(............[........
...............โ€
........
(...(...............###.
...(.(###............##.
.......O#.).............
.......@#...............
........ยง...............
........#...............
.....................###
...........(##########
...?((.(....#
.(...........
(............$
##............


You could see a two-headed ogre.


Message History

No target in view!
No target in view!
No target in view!
No target in view!
No target in view!
No target in view!
No target in view!
No target in view!
No target in view!
No target in view!
No target in view!
No target in view!
g - 114 stones {throwing} (gained 1)
An adder comes into view.
A two-headed ogre comes into view. It is wielding two +0 giant clubs.
There are monsters nearby!
There are monsters nearby!
You throw a stone {throwing}. The two-headed ogre shouts in stereo!
The adder hisses angrily.
The stone {throwing} hits the two-headed ogre.
You throw a stone {throwing}.
The stone {throwing} hits the two-headed ogre but does no damage.
You throw a stone {throwing}.
The stone {throwing} hits the adder but does no damage.
You throw a stone {throwing}. The stone {throwing} misses the adder.
You closely miss the adder. Your grab misses the adder. You squeeze the adder.
The adder bites you.
You whack the adder!
You kill the adder!
You hit the two-headed ogre.
The two-headed ogre hits you with a +0 giant club!!
* * * LOW HITPOINT WARNING * * *
The two-headed ogre closely misses you.
You are too injured to fight recklessly!
You are too injured to fight recklessly! ๐Ÿ˜จ HP[-25]
You take 25 damage, and now have 24/49 hp.
MASSIVE DAMAGE!! (PAUSE)
Okay, then.
As you read the scroll labelled XUPAKL QIOGED, it crumbles to dust.
It is a scroll of identify.
m - a scroll of fog ๐Ÿ˜ฎ HP[+1]
As you read the scroll labelled NOUHIA GUMOYQU, it crumbles to dust.
It is a scroll of enchant weapon.
Your +2 whip of distortion {!wmace} glows red for a moment.
The two-headed ogre barely misses you. x2 ๐Ÿ˜ฎ HP[+1]
You hit the two-headed ogre but do no damage.
Space warps horribly around the two-headed ogre!
You squeeze the two-headed ogre! You block the two-headed ogre's attack.
The two-headed ogre barely misses you. ๐Ÿ˜ฎ HP[+1]
You hit the two-headed ogre but do no damage.
Your squeeze misses the two-headed ogre.
The two-headed ogre blinks! ๐Ÿ˜ฎ HP[+1]
You start resting.
A two-headed ogre is nearby! ๐Ÿ˜ฎ HP[+2]
You regained 2 hp, and now have 30/49 hp.
Throw: 2 darts (curare) {=fthrowing}
Press: ? - help, Shift-Dir - straight line, f - two-headed ogre
Aim: a two-headed ogre, wielding two +0 giant clubs (heavily wounded, 75% to hit)
You throw a curare-tipped dart {=fthrowing}.
The curare-tipped dart {=fthrowing} completely misses the two-headed ogre. ๐Ÿ˜ฎ HP[+1] Throw: dart (curare) {=fthrowing}
Press: ? - help, Shift-Dir - straight line, f/p - two-headed ogre
Aim: a two-headed ogre, wielding two +0 giant clubs (heavily wounded, 75% to hit)
You throw a curare-tipped dart {=fthrowing}.
The curare-tipped dart {=fthrowing} barely misses the two-headed ogre.
The two-headed ogre barely misses you.
The two-headed ogre completely misses you. ๐Ÿ˜ฎ HP[+1]
Okay, then.
Okay, then.
You hit the two-headed ogre.
Space warps horribly around the two-headed ogre. ๐Ÿ˜ฎ HP[+1]
You barely miss the two-headed ogre.
The two-headed ogre hits you with a +0 giant club!
* * * LOW HITPOINT WARNING * * *
The two-headed ogre misses you. ๐Ÿ˜จ HP[-17]
You take 17 damage, and now have 16/49 hp.
MASSIVE DAMAGE!! (PAUSE) Unknown command.
You hit the two-headed ogre.
Space warps around the two-headed ogre.
The two-headed ogre hits you with a +0 giant club!
* * * LOW HITPOINT WARNING * * *
The two-headed ogre barely misses you. ๐Ÿ˜ฑ HP[-13]
You take 13 damage, and now have 3/49 hp.
MASSIVE DAMAGE!! (PAUSE)
You hit the two-headed ogre.
The two-headed ogre blinks! ๐Ÿ˜ฑ HP[+1]
You barely miss the two-headed ogre.
The two-headed ogre hits you with a +0 giant club!!
You die...

Skill      XL: |  1  2  3  4  5  6 |
---------------+-------------------+-----
Maces & Flails | 1 2 3 4 |  4.5
Fighting       | 4 |  4.6
Throwing       | 1 2 |  2.2
Dodging        | 4 |  4.2
Polearms       | |  2.0
Shields        | |  3.0

Action                   |  1- 3 |  4- 6 |  7- 9 || total
-------------------------+-------+-------+-------++-------
Melee: Whip              |    34 |    72 |    11 ||   117
       Trident           |     4 |       |       ||     4
       Constrict         |    10 |    13 |       ||    23
       Tentacles         |     5 |     9 |     2 ||    16
       Punch             |     1 |     1 |       ||     2
Throw: Stone             |    62 |   112 |    13 ||   187
       Dart              |       |       |     2 ||     2
  Use: Potion            |       |     5 |       ||     5
       Scroll            |       |       |     2 ||     2
Armor: Skin              |     6 |     3 |       ||     9
Dodge: Dodged            |    10 |    23 |     8 ||    41
Block: Buckler           |     2 |     9 |     1 ||    12

Levels and vault maps discovered:
D:1:      lightli_arrival_statue_moat, layout_rooms, minmay_indecisive_spiral
D:2:      layout_basic, dreamdust_ecumenical_altar_grove, minmay_octomino_j4
D:3:      layout_basic, dk_xom_monty_hall, uniq_grinder
D:4:      layout_basic, mainiacjoe_overflow_cross_hatched, serial_shops, shop,
          nicolae_square_shop, shop, shop

Notes
Turn   | Place    | Note
-------+----------+-------------------------------------------
     0 | D:1      | spaghetti the Octopode Fighter began the quest for the Orb.
     0 | D:1      | Reached XP level 1. HP: 16/16 MP: 1/1
     0 | D:1      | magus.rc [v1.9.6]
   237 | D:1      | Reached XP level 2. HP: 21/21 MP: 2/2
   288 | D:1      | Reached skill level 1 in Maces & Flails
   595 | D:1      | Reached XP level 3. HP: 26/26 MP: 3/3
   738 | D:2      | Found a faded altar of an unknown god.
   756 | D:2      | Reached skill level 2 in Maces & Flails
   803 | D:2      | Reached XP level 4. HP: 33/33 MP: 4/4
  1028 | D:2      | You pick up a book of Party Tricks and begin reading...
  1028 | D:2      | You add the spells Apportation and Alistair's Intoxication
                  | to your library.
  1343 | D:3      | Found a shimmering altar of Xom.
  1393 | D:3      | Reached skill level 3 in Maces & Flails
  1393 | D:3      | Reached XP level 5. HP: 37/37 MP: 5/5
  1696 | D:3      | Reached skill level 4 in Fighting
  2019 | D:3      | Noticed Grinder
  2025 | D:3      | Paralysed by Grinder for 6 turns
  2035 | D:3      | Killed Grinder
  2036 | D:3      | Reached skill level 4 in Maces & Flails
  2036 | D:3      | Reached skill level 1 in Throwing
  2036 | D:3      | Reached XP level 6. HP: 31/44 MP: 6/6
  2293 | D:4      | Reached skill level 4 in Dodging
  2325 | D:4      | Found Pihue's Antique Weapon Boutique.
  2355 | D:4      | Reached skill level 2 in Throwing
  2378 | D:4      | Found Gaungal's Jewellery Shoppe.
  2389 | D:4      | Found Cyakhluqy's Antique Weapon Shop.
  2523 | D:4      | Reached XP level 7. HP: 49/49 MP: 7/7
  2560 | D:4      | Noticed a two-headed ogre
  2578 | D:4      | HP: 3/49 [two-headed ogre/+0 giant club (14)]
  2580 | D:4      | Demolished by a two-headed ogre

Vanquished Creatures
  Grinder (D:3)
  A scorpion (D:4)
  A hound (D:2)
  A jelly (D:3)
  2 orc wizards (D:4)
  4 adders
  4 worms
  5 orcs
  5 bats
  8 endoplasms
  3 giant cockroaches
  7 goblins
  A hobgoblin (D:1)
  An iguana (D:3)
  A jackal (D:1)
  7 kobolds
  4 quokkas
  9 ball pythons
  4 frilled lizards
  3 rats
72 creatures vanquished.

Vanquished Creatures (others)
  8 fungi
  2 plants (D:2)
10 creatures vanquished.

Grand Total: 82 creatures vanquished

Table legend:
 A = Non-vault XP
 B = Vault XP
 C = Vault XP percentage of total XP
 D = Non-vault monster count
 E = Vault monster count
 F = Vault count percentage of total count
                 A         B        C        D         E       F
            +---------+---------+-------+---------+---------+-------
      Total |     350 |     321 |  47.8 |      60 |      12 |  16.7
            +---------+---------+-------+---------+---------+-------
        D:1 |      27 |       8 |  22.9 |      17 |       4 |  19.0
        D:2 |      76 |      15 |  16.5 |      18 |       5 |  21.7
        D:3 |      60 |     298 |  83.2 |      12 |       3 |  20.0
        D:4 |     187 |       0 |   0.0 |      13 |       0 |   0.0
            +---------+---------+-------+---------+---------+-------

Illustrated notes

Table legend:
 A = Kills in this place as a percentage of kills in entire the game.
 B = Kills by you in this place as a percentage of kills by you in the entire game.
 C = Kills by friends in this place as a percentage of kills by friends in the entire game.
 D = Other kills in this place as a percentage of other kills in the entire game.
 E = Experience gained in this place as a percentage of experience gained in the entire game.
 F = Experience gained in this place divided by the number of levels of this place that you have seen.
                   A       B       C       D       E      F
               +-------+-------+-------+-------+-------+----------------------
         Total | 100.0 | 100.0 |   N/A |   N/A | 100.0 | 167.8
       Dungeon | 100.0 | 100.0 |   N/A |   N/A | 100.0 | 167.8
               +-------+-------+-------+-------+-------+----------------------

Table legend: (Time is in decaauts)
 A = Elapsed time spent in this place.
 B = Non-inter-level travel time spent in this place.
 C = Inter-level travel time spent in this place.
 D = Time resting spent in this place.
 E = Time spent auto-exploring this place.
 F = Levels seen in this place.
 G = Mean time per level.
                   A        B        C        D        E       F      G
               +--------+--------+--------+--------+--------+-----+--------+
         Total |   2600 |   2500 |    100 |     10 |   1952 |   4 |  650.0 |
       Dungeon |   2600 |   2500 |    100 |     10 |   1952 |   4 |  650.0 |
               +--------+--------+--------+--------+--------+-----+--------+

Top non-repeatable levels by time:
     D:3: 965 daAuts
     D:1: 685 daAuts
     D:2: 636 daAuts
     D:4: 312 daAuts
